 Dungeon Crawl Stone Soup version 0.22-a0-482-g76e0a5f (webtiles) character file.

517 EnegeticOcto the Magician (level 7, -1/46 HPs)
             Began as a Mummy Fire Elementalist on June 17, 2018.
             Slain by ThereIsNoGod's ghost (11 damage)
             ... on level 5 of the Dungeon.
             The game lasted 00:14:26 (4993 turns).

EnegeticOcto the Magician (Mummy Fire Elementalist) Turns: 4993, Time: 00:14:27

Health: -1/46      AC:  8    Str: 12    XL:     7   Next: 0%
Magic:  0/15       EV: 12    Int: 16    God:
Gold:   100        SH:  6    Dex: 12    Spells: 3/17 levels left

rFire    x . .     SeeInvis .   f - +2 dagger (speed)
rCold    + . .     Gourm    .   (no shield)
rNeg     + + +     Faith    .   a - +0 robe
rPois    ∞         Spirit   .   s - +2 helmet
rElec    .         Reflect  +   h - +1 cloak
rCorr    .         Harm     .   (no gloves)
MR       .....                  q - +0 pair of boots
Stlth    ++........             k - +6 amulet of reflection
HPRegen  0.15/turn              (no ring)
MPRegen  0.14/turn              (no ring)

@: no status effects
A: no food or potions, fire vulnerability, cold resistance 1, negative energy
resistance 3, torment resistance, unbreathing
a: no special abilities


You were on level 5 of the Dungeon.
You were not hungry.

You visited 1 branch of the dungeon, and saw 5 of its levels.

You collected 100 gold pieces.

Inventory:

Hand Weapons
 f - a +2 dagger of speed (weapon)
Missiles
 g - 134 stones (quivered)
Armour
 a - a +0 robe (worn)
 h - a +1 cloak (worn)
 q - a +0 pair of boots (worn)
 s - a +2 helmet (worn)
Jewellery
 k - a +6 amulet of reflection (around neck)
Wands
 o - a wand of polymorph (12)
Scrolls
 b - a scroll of fog {unknown}
 d - a scroll of teleportation {unknown}
 e - 4 scrolls of enchant weapon
 i - a scroll of immolation
 j - a scroll of enchant armour
 m - a scroll of blinking


   Skills:
 - Level 1.5 Dodging
 - Level 1.5 Stealth
 - Level 5.8 Spellcasting
 + Level 2.0 Conjurations
 + Level 1.8 Translocations
 + Level 4.6 Fire Magic


You had 3 spell levels left.
You knew the following spells:

 Your Spells              Type           Power        Failure   Level  Hunger
a - Flame Tongue          Conj/Fire      ###..        3%          1    N/A
b - Throw Flame           Conj/Fire      ###...       5%          2    N/A
c - Conjure Flame         Conj/Fire      ###.....     11%         3    N/A
d - Blink                 Tloc           N/A          10%         2    N/A
e - Call Imp              Summ           #.......     22%         2    N/A
f - Sticky Flame          Conj/Fire      ###.....     34%         4    N/A

Your spell library contained the following spells:

 Spells                   Type           Power        Failure   Level  Hunger
 Magic Dart               Conj           ##..         6%          1    N/A
 Fireball                 Conj/Fire      ###.......   69%         5    N/A
 Slow                     Hex            #.......     22%         2    N/A
 Mephitic Cloud           Conj/Pois/Air  #.......     32%         3    N/A
 Inner Flame              Hex/Fire       ##......     16%         3    N/A

Dungeon Overview and Level Annotations

Branches:
Dungeon (5/15)
 Temple: D:4-7

Altars:
Cheibriados
Fedhas
Hepliaklqana
Kikubaaqudgha
Nemelex Xobeh
Trog
Uskayaw
Wu Jian
Zin
The Shining One

Annotations:
D:5 Pikel; ThereIsNoGod's ghost, novice DrTm


Innate Abilities, Weirdness & Mutations

You do not eat or drink.
Your flesh is vulnerable to fire.
You are immune to poison.
Your flesh is cold resistant. (rC+)
You are immune to negative energy. (rN+++)
You are immune to unholy pain and torment.
You can survive without breathing.


Message History

ThereIsNoGod's ghost appears unharmed.
ThereIsNoGod's ghost is heavily damaged.
You block the howler monkey zombie's attack.
ThereIsNoGod's ghost wails, "You will never get the ORB!"
ThereIsNoGod's ghost barely misses you.
Casting: Flame Tongue (safe; 3% risk of failure)
Confirm with . or Enter, or press ? or * to list all spells.
Aiming: Flame Tongue (safe; 3% risk of failure)
Press: ? - help, Shift-Dir - straight line, f/p - ThereIsNoGod's ghost
Aim: ThereIsNoGod's ghost (heavily damaged)
The flame tongue hits ThereIsNoGod's ghost.
ThereIsNoGod's ghost appears unharmed.
ThereIsNoGod's ghost is heavily damaged.
The howler monkey zombie hits you. ThereIsNoGod's ghost hits you!
Unknown command.
Unknown command.
The howler monkey zombie hits you.
* * * LOW HITPOINT WARNING * * *
ThereIsNoGod's ghost hits you!
You die...

..# #(# #.# #.#
#.# #.# # #.#
#. #.###.##
####..##W@....#
........Z###..#
......##S# #
..##. #.# # #.#
#.# #.# ... .#


You could see ThereIsNoGod's ghost, an adder and a howler monkey zombie.

Vanquished Creatures
  An ogre (D:5)
  A howler monkey (D:5)
  A crimson imp (D:4)
  An orc priest (D:3)
  6 orc wizards
  A worker ant (D:4)
  Robin (D:3)
  2 adders (D:2)
  2 oozes
  2 worms
  A dart slug (D:2)
  6 leopard geckos
  12 orcs
  A giant cockroach (D:3)
  19 goblins
  9 hobgoblins
  6 jackals (D:3)
  A quokka (D:5)
  6 bats
  4 frilled lizards
  6 kobolds
  9 rats
98 creatures vanquished.

Notes
Turn   | Place    | Note
-------+----------+-------------------------------------------
     0 | D:1      | EnegeticOcto the Mummy Fire Elementalist began the quest for the Orb.
     0 | D:1      | Reached XP level 1. HP: 13/13 MP: 4/4
   206 | D:1      | Reached skill level 3 in Spellcasting
   248 | D:1      | Reached XP level 2. HP: 19/19 MP: 0/6
   309 | D:1      | Learned a level 2 spell: Throw Flame
  1030 | D:2      | Reached XP level 3. HP: 14/24 MP: 0/8
  1184 | D:2      | Learned a level 3 spell: Conjure Flame
  1569 | D:2      | Reached skill level 4 in Spellcasting
  1870 | D:3      | Reached XP level 4. HP: 25/30 MP: 6/10
  2380 | D:3      | Reached skill level 5 in Spellcasting
  2380 | D:3      | Reached XP level 5. HP: 33/35 MP: 5/12
  2482 | D:3      | Found a sparkling altar of Nemelex Xobeh.
  2484 | D:3      | Found a glowing silver altar of Zin.
  2487 | D:3      | Found an ancient bone altar of Kikubaaqudgha.
  2488 | D:3      | Found a bloodstained altar of Trog.
  2488 | D:3      | Found a blossoming altar of Fedhas.
  2488 | D:3      | Found an ornate altar of the Wu Jian Council.
  2489 | D:3      | Found a hazy altar of Hepliaklqana.
  2493 | D:3      | Found a snail-covered altar of Cheibriados.
  2722 | D:3      | Found a glowing golden altar of the Shining One.
  3378 | D:3      | Learned a level 2 spell: Blink
  3444 | D:3      | Reached skill level 1 in Conjurations
  3444 | D:3      | Reached XP level 6. HP: 37/41 MP: 2/14
  3814 | D:3      | Noticed Robin
  3955 | D:3      | Killed Robin
  4125 | D:4      | Found a hide-covered altar of Uskayaw.
  4154 | D:5      | Entered Level 5 of the Dungeon
  4160 | D:4      | Learned a level 2 spell: Call Imp
  4161 | D:5      | Noticed ThereIsNoGod's ghost (novice DrTm)
  4213 | D:4      | Reached skill level 1 in Translocations
  4559 | D:5      | Reached XP level 7. HP: 46/46 MP: 1/15
  4662 | D:5      | Learned a level 4 spell: Sticky Flame
  4740 | D:5      | Noticed Pikel
  4993 | D:5      | Slain by ThereIsNoGod's ghost

Vault maps used:
D:1:      elethiomel_arrival_quiet
D:3:      kennysheep_goblin_castle, minitemple, hex_medium,
          nicolae_tso_carved_into_rock
D:4:      eat_drink_and_be_merry_uskayaw, first_ration
D:5:      uniq_sigmund, uniq_pikel

Skill      XL: |  1  2  3  4  5  6 |
---------------+-------------------+-----
Spellcasting   | 3 4 5 |  5.8
Fire Magic     | 3 4 |  4.6
Conjurations   | 1 2 |  2.0
Translocations | 1 |  1.8
Dodging        | |  1.5
Stealth        | |  1.5

Action                   |  1- 3 |  4- 6 |  7- 9 || total
-------------------------+-------+-------+-------++-------
Melee: Unarmed           |     1 |       |       ||     1
       Dagger            |       |    31 |     8 ||    39
Throw: Stone             |     1 |    17 |       ||    18
 Cast: Flame Tongue      |    75 |   120 |    19 ||   214
       Throw Flame       |    11 |    24 |     7 ||    42
       Call Imp          |       |     2 |     2 ||     4
       Blink             |       |       |     1 ||     1
  Use: Scroll            |       |     9 |       ||     9
Armor: Robe              |     6 |    20 |     5 ||    31
Dodge: Dodged            |    17 |    34 |    20 ||    71
Block: Other             |     2 |    28 |     7 ||    37
       Reflection        |       |     5 |       ||     5

Table legend:
 A = Spawn XP
 B = Non-spawn XP
 C = Spawn XP percentage of total XP
 D = Spawn monster count
 E = Non-spawn monster count
 F = Spawn count percentage of total count
 G = Total turns spent on level
                    A         B        C        D         E        F      G
               +---------+---------+-------+---------+---------+-------+---------
         Total |       0 |     739 |   0.0 |       0 |      98 |   0.0 |  4993
               +---------+---------+-------+---------+---------+-------+---------
           D:1 |       0 |      33 |   0.0 |       0 |      16 |   0.0 |   846
           D:2 |       0 |      60 |   0.0 |       0 |      19 |   0.0 |  1283
           D:3 |       0 |     348 |   0.0 |       0 |      50 |   0.0 |  1968
           D:4 |       0 |     128 |   0.0 |       0 |      10 |   0.0 |   494
           D:5 |       0 |     170 |   0.0 |       0 |       3 |   0.0 |   402
               +---------+---------+-------+---------+---------+-------+---------
